 Dungeon Crawl Stone Soup version 0.25-a0-86-ga6f17ae7d4 (webtiles) character file.

Game seed: 6080499519699013534, levelgen mode: deterministic

35476 MordorOrchid the Blocker (level 13, 0/104 HPs)
             Began as a Gnoll Fighter on Nov 7, 2019.
             Was a High Priest of Qazlal.
             Slain by an ice dragon (11 damage)
             ... on level 5 of the Lair of Beasts on Nov 9, 2019.
             The game lasted 01:35:21 (13887 turns).

MordorOrchid the Blocker (Gnoll Fighter)           Turns: 13887, Time: 01:35:23

Health: 0/104      AC: 23    Str: 19    XL:     13   Next: 84%
Magic:  16/25      EV: 15    Int: 17    God:    Qazlal [*****.]
Gold:   427        SH: 20    Dex: 21    Spells: 14/29 levels left

rFire    . . .     SeeInvis .   p - +2 trident (protect)
rCold    . . .     Gourm    .   c - +0 shield
rNeg     . . .     Faith    .   b - +0 scale mail
rPois    .         Spirit   .   Q - +0 helmet
rElec    .         Reflect  .   V - +0 cloak {MR+}
rCorr    .         Harm     .   (no gloves)
MR       +++..                  s - +0 pair of boots
Stlth    +.........             v - amulet of magic regeneration
HPRegen  1.27/turn              W - +5 ring of dexterity
MPRegen  0.44/turn              T - ring of the Mage {Wiz MR++ Int+3}

@: protected from physical damage, protection aura, regenerating, studying Maces
& Flails, repel missiles
A: distributed training, fangs 1, strong nose
a: Upheaval, Elemental Force, Disaster Area, Renounce Religion


You were on level 5 of the Lair of Beasts.
You worshipped Qazlal.
Qazlal was extremely pleased with you.
You were not hungry.

You visited 3 branches of the dungeon, and saw 16 of its levels.

You collected 1726 gold pieces.
You spent 1299 gold pieces at shops.

Inventory:

Hand Weapons
 j - a +0 hunting sling
 p - a +2 trident of protection (weapon)
 y - a +3 dagger of venom
 L - a +2 mace of holy wrath
Missiles
 d - 22 boomerangs (quivered)
 e - 46 poisoned darts
 n - 41 sling bullets
 r - 3 datura-tipped darts
 C - 415 bolts
 R - 5 curare-tipped darts
Armour
 b - a +0 scale mail (worn)
 c - a +0 shield (worn)
 s - a +0 pair of boots (worn)
 M - the cursed +0 chain mail "Kagodogh" {rC+ Str+3}
   (You bought it in a shop on level 2 of the Orcish Mines)

   It affects your strength (+3).
   It protects you from cold.
   It has a curse placed upon it.
 Q - a +0 helmet (worn)
 V - a +0 cloak of magic resistance (worn)
Jewellery
 i - an uncursed ring of protection from magic
 o - an uncursed ring of ice
 v - an amulet of magic regeneration (around neck)
 w - an uncursed ring of positive energy
 T - the ring of the Mage (right hand) {Wiz MR++ Int+3}
   (You found it on level 3 of the Lair of Beasts)

   [ring of wizardry]

   It improves your spell success rate.
   It affects your intelligence (+3).
   It affects your resistance to hostile enchantments.
 W - a +5 ring of dexterity (left hand)
Wands
 g - a wand of disintegration (13)
 A - a wand of polymorph (6)
 F - a wand of iceblast (14)
 G - a wand of flame (28)
 P - a wand of enslavement (16)
 U - a wand of digging (5)
Scrolls
 k - 4 scrolls of immolation
 l - 6 scrolls of teleportation
 q - 7 scrolls of fog
 u - a scroll of blinking
 D - 2 scrolls of fear {unknown}
 E - 2 scrolls of remove curse
 N - a scroll of summoning {unknown}
 O - 2 scrolls of vulnerability
 S - a scroll of amnesia
Potions
 a - a potion of resistance
 h - 5 potions of curing
 t - a potion of ambrosia
 x - a potion of haste
 z - a potion of brilliance
 H - 2 potions of flight
 K - 3 potions of lignification
Books
 m - a manual of Maces & Flails
Miscellaneous
 I - a lightning rod (4/4)
Comestibles
 f - 29 rations
 J - 2 chunks of flesh


   Skills:
 + Level 10.6 Fighting
 + Level 8.5 Short Blades
 + Level 8.5 Long Blades
 + Level 8.5 Axes
 + Level 10.6 Maces & Flails
 + Level 9.7 Polearms
 + Level 8.5 Staves
 + Level 8.5 Slings
 + Level 8.5 Bows
 + Level 8.5 Crossbows
 + Level 8.5 Throwing
 + Level 10.6 Armour
 + Level 8.5 Dodging
 + Level 8.5 Stealth
 + Level 10.6 Shields
 + Level 8.5 Unarmed Combat
 + Level 8.5 Spellcasting
 + Level 7.1 Conjurations
 + Level 7.1 Hexes
 + Level 7.1 Charms
 + Level 7.1 Summonings
 + Level 7.1 Necromancy
 + Level 7.1 Translocations
 + Level 7.1 Transmutations
 + Level 7.1 Fire Magic
 + Level 7.1 Ice Magic
 + Level 7.1 Air Magic
 + Level 7.1 Earth Magic
 + Level 7.1 Poison Magic
 + Level 9.3 Invocations
 + Level 8.5 Evocations


You had 14 spell levels left.
You knew the following spells:

 Your Spells              Type           Power        Failure   Level  Hunger
c - Confuse               Hex            ####....     2%          3    #......
g - Mephitic Cloud        Conj/Pois/Air  ####....     2%          3    #......
k - Regeneration          Chrm/Necr      ####......   2%          3    #......
p - Olgreb's Toxic Radia  Pois           ####....     9%          4    ###....
w - Passwall              Tmut/Erth      ####....     1%          2    None

Your spell library contained the following spells:

 Spells                   Type           Power        Failure   Level  Hunger
 Animate Skeleton         Necr           N/A          1%          1    None
 Corona                   Hex            ####...      1%          1    None
 Pain                     Necr           ####         1%          1    None
 Sandblast                Erth           ####..       1%          1    None
 Shock                    Conj/Air       ####         1%          1    None
 Sting                    Conj/Pois      ####         1%          1    None
 Ensorcelled Hibernation  Hex/Ice        ####..       1%          2    None
 Poisonous Vapours        Pois/Air       ####..       1%          2    None
 Swiftness                Chrm/Air       ####....     1%          2    None
 Dazzling Spray           Conj/Hex       ####..       2%          3    #......
 Static Discharge         Conj/Air       ####....     2%          3    #......
 Stone Arrow              Conj/Erth      ####..       2%          3    #......
 Tukima's Dance           Hex            ####....     2%          3    #......
 Vampiric Draining        Necr           ####......   2%          3    #......
 Airstrike                Air            ####......   9%          4    ###....
 Animate Dead             Necr           N/A          9%          4    ###....
 Petrify                  Tmut/Erth      ####....     9%          4    ###....
 Lee's Rapid Deconstruct  Erth           ####......   26%         5    #####..
 Lightning Bolt           Conj/Air       ####......   26%         5    #####..
 Venom Bolt               Conj/Pois      ####......   26%         5    #####..


Dungeon Overview and Level Annotations

Branches:
Dungeon (9/15) Temple (0/1) D:6 Lair (5/6) D:8 Shoals (0/4) Lair:4 Spider (0/4) Lair:3 Slime (0/5) Lair:5 Orc (2/2) D:9 Elf (0/3) Orc:1 Orc:2

Altars:
Ashenzari
Dithmenos
Fedhas
Gozag
Nemelex Xobeh
Okawaru
Qazlal
Sif Muna
Trog
Uskayaw
Xom
Zin
The Shining One
Beogh
Jiyva

Shops:
D:9 =   Orc:1 *   Orc:2 [*?**

Portals:
Ice
Cave: Lair:5

Annotations:
Lair:2 exclusion: oklob plant


Innate Abilities, Weirdness & Mutations

Your experience applies equally to all skills.
You have very sharp teeth.
Your uncanny sense of smell can sniff out nearby items.


Message History

You puncture the ice dragon!
The ice dragon is severely wounded.
The ice dragon breathes frost at you. The blast of cold hits you!! You resist.
* * * LOW HITPOINT WARNING * * *
Unknown command.
Casting: Olgreb's Toxic Radiance (safe; 9% risk of failure)
Confirm with . or Enter, or press ? or * to list all spells.
Your skin crawls.
The polar bear is no longer berserk.
You block the ice dragon's attack. The ice dragon misses you.
The ice dragon barely misses you.
Unknown command.
You barely miss the ice dragon.
The ice dragon is severely wounded.
You block the ice dragon's attack. The ice dragon claws you!
* * * LOW HITPOINT WARNING * * *
Your resistance to cold fades away.
You feel protected from physical attacks.
The ice dragon tramples you!
You die...

,,*,** ,*,,** ***,,*
*,*,,** ,*,,,,* ,,,,,,*
*#***** **,,,****...*,*
###
*,,,,***,....Y###.####
*,,,,,**,.∩.YhhD@#.#.#
*,,,,***,....#h####..#
*,,,** **.,,*#** ##.##
,,,,,* ***** #..#
,,,,****** ##..#
,,,,*,,*,**##* #P..#
,,,,,,,,,,##P#**###..##
*,,,,,,,,,,...#,#....#
***##..*,**##..*##...#


You could see an ice dragon, 3 polar bears and 2 yaks.

Vanquished Creatures
  Fannar (Lair:3)
  3 death yaks (D:7)
  A two-headed ogre (D:9)
  Nergalle (Lair:3)
  A lindwurm (Lair:2)
  A harpy (D:7)
  4 orc knights
  A wolf spider (Lair:3)
  A centaur zombie (D:9)
  An elephant (Lair:2)
  7 black mambas
  9 spiny frogs
  2 rime drakes
  3 komodo dragons
  The ghost of TimeIsEndless the Magician, a novice OpAE of Sif Muna (D:5)
  A polar bear (Lair:5)
  3 trolls
  A dream sheep (Lair:2)
  7 hippogriffs
  4 blink frogs
  Sigmund (D:4)
  3 spriggans (Lair:1)
  A wyvern (Lair:3)
  18 yaks
  2 redbacks (Lair:3)
  Eustachio (D:5)
  A basilisk (Lair:3)
  4 wargs
  A hungry ghost (D:7)
  3 water moccasins
  11 porcupines
  5 ice beasts
  48 orc warriors
  5 sky beasts
  14 ogres
  2 black bears
  2 necrophages
  16 centaurs
  10 wolves
  7 crocodiles
  14 bullfrogs
  A water moccasin zombie (D:8)
  4 killer bees (D:8)
  An electric eel (Lair:2)
  A bullfrog zombie (D:7)
  5 crimson imps
  6 jellies
  12 orc priests
  A bullfrog skeleton (D:7)
  A gnoll shaman (D:6)
  2 hounds
  A centaur skeleton (D:4)
  4 iguanas
  3 worker ants
  15 orc wizards
  A killer bee zombie (D:9)
  2 worker ant zombies
  9 gnolls
  11 adders
  A river rat (D:8)
  An adder zombie (D:5)
  7 oozes
  An adder skeleton (D:6)
  3 worms
  4 dart slugs
  7 leopard geckos
  101 orcs
  2 ball pythons (D:4)
  2 bats
  5 giant cockroaches
  4 goblins
  5 hobgoblins
  12 jackals
  2 quokkas
  A ball python skeleton (D:4)
  6 frilled lizards
  2 jackal skeletons
  8 kobolds
  A leopard gecko skeleton (D:7)
  A quokka zombie (D:5)
  12 rats
490 creatures vanquished.

Vanquished Creatures (collateral kills)
  Sonja (Lair:3)
  A hound (D:8)
  A rat (D:8)
3 creatures vanquished.

Vanquished Creatures (others)
  2 fungi
  4 plants
6 creatures vanquished.

Grand Total: 499 creatures vanquished

Notes
Turn   | Place    | Note
-------+----------+-------------------------------------------
     0 | D:1      | MordorOrchid the Gnoll Fighter began the quest for the Orb.
     0 | D:1      | Reached XP level 1. HP: 23/23 MP: 1/1
    80 | D:1      | Reached XP level 2. HP: 29/29 MP: 2/2
   233 | D:1      | Reached XP level 3. HP: 35/35 MP: 3/3
   420 | D:1      | Reached skill level 1 in Invocations
   521 | D:2      | Found a stormy altar of Qazlal.
   526 | D:2      | Became a worshipper of Qazlal Stormbringer
   581 | D:2      | Reached skill level 1 in Short Blades
   581 | D:2      | Reached skill level 1 in Long Blades
   581 | D:2      | Reached skill level 1 in Axes
   581 | D:2      | Reached skill level 1 in Maces & Flails
   581 | D:2      | Reached skill level 1 in Staves
   581 | D:2      | Reached skill level 1 in Slings
   581 | D:2      | Reached skill level 1 in Bows
   581 | D:2      | Reached skill level 1 in Crossbows
   581 | D:2      | Reached skill level 1 in Throwing
   581 | D:2      | Reached skill level 1 in Dodging
   581 | D:2      | Reached skill level 1 in Stealth
   581 | D:2      | Reached skill level 1 in Unarmed Combat
   581 | D:2      | Reached skill level 1 in Spellcasting
   581 | D:2      | Reached skill level 1 in Evocations
   592 | D:2      | Reached XP level 4. HP: 26/41 MP: 5/5
   850 | D:2      | Reached skill level 1 in Conjurations
   850 | D:2      | Reached skill level 1 in Hexes
   850 | D:2      | Reached skill level 1 in Charms
   850 | D:2      | Reached skill level 1 in Summonings
   850 | D:2      | Reached skill level 1 in Necromancy
   850 | D:2      | Reached skill level 1 in Translocations
   850 | D:2      | Reached skill level 1 in Transmutations
   850 | D:2      | Reached skill level 1 in Fire Magic
   850 | D:2      | Reached skill level 1 in Ice Magic
   850 | D:2      | Reached skill level 1 in Air Magic
   850 | D:2      | Reached skill level 1 in Earth Magic
   850 | D:2      | Reached skill level 1 in Poison Magic
   982 | D:3      | Found a bloodstained altar of Trog.
   992 | D:3      | Noticed a necrophage
  1001 | D:3      | Killed a necrophage
  1001 | D:3      | Reached XP level 5. HP: 42/47 MP: 5/7
  1045 | D:3      | Reached * piety under Qazlal
  1252 | D:3      | Reached XP level 6. HP: 53/53 MP: 8/8
  1345 | D:4      | Found a sparkling altar of Nemelex Xobeh.
  1392 | D:4      | Reached skill level 5 in Polearms
  1399 | D:4      | Noticed Sigmund
  1443 | D:4      | Killed Sigmund
  1443 | D:4      | Reached XP level 7. HP: 48/59 MP: 10/10
  1569 | D:5      | Entered Level 5 of the Dungeon
  1707 | D:4      | Found a glowing golden altar of the Shining One.
  1847 | D:5      | Reached ** piety under Qazlal
  1899 | D:5      | Noticed a yak
  1900 | D:5      | Noticed a yak
  1900 | D:5      | Noticed a yak
  1900 | D:5      | Noticed a yak
  1931 | D:5      | Killed a yak
  1931 | D:5      | Reached XP level 8. HP: 49/67 MP: 10/12
  1935 | D:5      | Killed a yak
  1969 | D:4      | Killed a yak
  2103 | D:5      | Found a transporter.
  2106 | D:5      | Noticed TimeIsEndless's ghost (novice OpAE)
  2108 | D:5      | Identified the +1 great mace "Vecumuk" {crush, rN+ Int+3
                  | Dex+3}
  2110 | D:5      | Found a transporter.
  2203 | D:5      | Found an iron altar of Okawaru.
  2294 | D:5      | Killed a yak
  2383 | D:4      | Found a blossoming altar of Fedhas.
  2486 | D:5      | Noticed Eustachio
  2508 | D:5      | Killed Eustachio
  2556 | D:5      | Reached XP level 9. HP: 46/72 MP: 14/14
  2853 | D:5      | Killed TimeIsEndless's ghost
  3505 | D:6      | Found a staircase to the Ecumenical Temple.
  3530 | D:6      | Learned a level 2 spell: Passwall
  3792 | D:7      | Reached skill level 5 in Invocations
  3802 | D:7      | Noticed a troll
  3832 | D:6      | Reached *** piety under Qazlal
  3876 | D:6      | Killed a troll
  3876 | D:6      | Reached XP level 10. HP: 49/80 MP: 15/17
  4370 | D:7      | Got a bloodstained great sword
  4449 | D:7      | Reached skill level 5 in Short Blades
  4449 | D:7      | Reached skill level 5 in Long Blades
  4449 | D:7      | Reached skill level 5 in Axes
  4449 | D:7      | Reached skill level 5 in Maces & Flails
  4449 | D:7      | Reached skill level 5 in Staves
  4449 | D:7      | Reached skill level 5 in Slings
  4449 | D:7      | Reached skill level 5 in Bows
  4449 | D:7      | Reached skill level 5 in Crossbows
  4449 | D:7      | Reached skill level 5 in Throwing
  4449 | D:7      | Reached skill level 5 in Dodging
  4449 | D:7      | Reached skill level 5 in Stealth
  4449 | D:7      | Reached skill level 5 in Unarmed Combat
  4449 | D:7      | Reached skill level 5 in Spellcasting
  4449 | D:7      | Reached skill level 5 in Evocations
  4547 | D:7      | Noticed a harpy
  4560 | D:7      | Killed a harpy
  4749 | D:7      | Identified the +4 great sword of Massacring {freeze, Int+4}
                  | (You found it on level 7 of the Dungeon)
  5025 | D:7      | Found a sparkling altar of Nemelex Xobeh.
  5025 | D:7      | Found an opulent altar of Gozag.
  5042 | D:7      | You fall into a shaft and drop 1 floor!
  5266 | D:8      | Reached **** piety under Qazlal
  5279 | D:8      | Found a viscous altar of Jiyva.
  5723 | D:8      | Noticed a death yak
  5724 | D:8      | Found a staircase to the Lair.
  5724 | D:8      | Noticed a death yak
  5724 | D:8      | Noticed a death yak
  5841 | D:7      | Killed a death yak
  5841 | D:7      | Reached XP level 11. HP: 7/87 MP: 19/19
  6258 | D:7      | Killed a death yak
  6307 | D:7      | Killed a death yak
  6473 | D:9      | Reached skill level 5 in Conjurations
  6473 | D:9      | Reached skill level 5 in Hexes
  6473 | D:9      | Reached skill level 5 in Charms
  6473 | D:9      | Reached skill level 5 in Summonings
  6473 | D:9      | Reached skill level 5 in Necromancy
  6473 | D:9      | Reached skill level 5 in Translocations
  6473 | D:9      | Reached skill level 5 in Transmutations
  6473 | D:9      | Reached skill level 5 in Fire Magic
  6473 | D:9      | Reached skill level 5 in Ice Magic
  6473 | D:9      | Reached skill level 5 in Air Magic
  6473 | D:9      | Reached skill level 5 in Earth Magic
  6473 | D:9      | Reached skill level 5 in Poison Magic
  6575 | D:9      | Found Qiuss's Jewellery Shoppe.
  6607 | D:9      | Bought a cursed -5 ring of slaying for 26 gold pieces
  6645 | D:9      | Found a hide-covered altar of Uskayaw.
  6659 | D:9      | Noticed a -3 hand axe
  6660 | D:9      | Noticed a +0 hand axe
  6960 | D:9      | Found a shimmering blue altar of Sif Muna.
  6960 | D:9      | Found a shattered altar of Ashenzari.
  6965 | D:9      | Found a glowing silver altar of Zin.
  6967 | D:9      | Found a shadowy altar of Dithmenos.
  6968 | D:9      | Found a shimmering altar of Xom.
  7382 | D:9      | Found a staircase to the Orcish Mines.
  7387 | Orc:1    | Entered Level 1 of the Orcish Mines
  7399 | Orc:1    | Noticed a two-headed ogre
  7643 | D:9      | Killed a two-headed ogre
  7918 | Orc:2    | Entered Level 2 of the Orcish Mines
  7918 | Orc:2    | Found a staircase to the Elven Halls.
  7941 | Orc:2    | Noticed an orc knight
  8139 | Orc:2    | Found Lipiah Dify's Assorted Antiques.
  8139 | Orc:2    | Noticed an orc knight
  8160 | Orc:1    | Reached ***** piety under Qazlal
  8362 | Orc:1    | Killed an orc knight
  8437 | Orc:1    | Killed an orc knight
  8437 | Orc:1    | Reached XP level 12. HP: 91/96 MP: 22/22
 10051 | Orc:2    | Bought a purple potion for 23 gold pieces
 10051 | Orc:2    | Bought a bubbling inky potion for 23 gold pieces
 10051 | Orc:2    | Bought a dazzling chain mail for 247 gold pieces
 10334 | Orc:2    | Found Zojor's Magic Scroll Emporium.
 10334 | Orc:2    | Found Tuqeisimp's Assorted Antiques.
 10336 | Orc:2    | Found Wemumec's Armour Shop.
 10338 | Orc:2    | Found Teumnah's Assorted Antiques.
 10346 | Orc:2    | Bought a scroll labeled PAAREG HALAOTU for 31 gold pieces
 10346 | Orc:2    | Bought a scroll labeled PAQAON FAVA for 31 gold pieces
 10346 | Orc:2    | Bought a blackened gold wand for 124 gold pieces
 10348 | Orc:2    | Bought a scroll of fog for 30 gold pieces
 10348 | Orc:2    | Bought a scroll of teleportation for 45 gold pieces
 10398 | Orc:2    | Found a roughly hewn altar of Beogh.
 10622 | Orc:1    | Noticed Maurice
 10816 | Orc:2    | Noticed Maurice
 10816 | Orc:2    | Maurice changed into Maurice the ice beast
 10825 | Orc:2    | Killed Maurice the ice beast
 11190 | Orc:2    | Bought a scroll of fog for 30 gold pieces
 11190 | Orc:2    | Bought a scroll of fog for 30 gold pieces
 11190 | Orc:2    | Bought 2 scrolls of fog for 60 gold pieces
 11190 | Orc:2    | Bought a scroll of immolation for 52 gold pieces
 11190 | Orc:2    | Bought 2 scrolls of identify for 60 gold pieces
 11190 | Orc:2    | Bought a scroll of identify for 30 gold pieces
 11190 | Orc:2    | Bought a scroll of brand weapon for 300 gold pieces
 11190 | Orc:2    | Bought a scroll of enchant weapon for 112 gold pieces
 11190 | Orc:2    | Bought a scroll of teleportation for 45 gold pieces
 11193 | Orc:2    | Identified the cursed +0 chain mail "Kagodogh" {rC+ Str+3}
                  | (You bought it in a shop on level 2 of the Orcish Mines)
 11286 | Lair:1   | Entered Level 1 of the Lair of Beasts
 11468 | Lair:1   | Learned a level 3 spell: Confuse
 11513 | Lair:1   | Reached skill level 10 in Fighting
 11513 | Lair:1   | Reached skill level 10 in Armour
 11513 | Lair:1   | Reached skill level 10 in Shields
 11904 | Lair:2   | Reached XP level 13. HP: 68/103 MP: 24/24
 12255 | Lair:2   | Learned a level 3 spell: Regeneration
 12468 | Lair:2   | Reached skill level 10 in Maces & Flails
 12721 | Lair:3   | Noticed Sonja
 12728 | Lair:3   | Killed Sonja
 12839 | Lair:3   | Learned a level 3 spell: Mephitic Cloud
 12935 | Lair:3   | Found the ring of the Mage {Wiz MR++ Int+3}
 12950 | Lair:3   | Learned a level 4 spell: Olgreb's Toxic Radiance
 12954 | Lair:3   | Noticed Fannar
 12957 | Lair:3   | Upgraded the game from 0.25-a0-80-g9b55229ae5 to
                  | 0.25-a0-86-ga6f17ae7d4
 12961 | Lair:3   | Killed Fannar
 13154 | Lair:3   | Found a hole to the Spider Nest.
 13286 | Lair:4   | Noticed Nergalle
 13507 | Lair:3   | Killed Nergalle
 13563 | Lair:4   | Found a staircase to the Shoals.
 13859 | Lair:5   | Found a frozen archway.
 13860 | Lair:5   | Noticed an ice dragon
 13887 | Lair:5   | Slain by an ice dragon

Levels and vault maps discovered:
D:1:      lightli_arrival_statuegarden, layout_rooms
D:2:      layout_basic, grunt_qazlal_clouds, minmay_liquid_box
D:3:      layout_rooms, bloody_trog
D:4:      layout_loops_ring, overflow_temple_1_default, fedhas_altar_3,
          first_ration, nrook_uturn, kennysheep_decorative_pillar,
          nemelex_xobeh_ov_fountains_minmay, uniq_sigmund
D:5:      layout_rooms, okawaru_trees_2, gammafunk_ghost_smash, serial_curves,
          eino_curves_04, eino_curves_01, uniq_eustachio
D:6:      layout_gridville, minmay_temple_entry_offerings
D:7:      layout_basic, grunt_temple_overflow_opulence, minmay_manual_monstrance
D:8:      layout_basic, dpeg_lair_monsters, hangedman_little_slice_of_home
D:9:      layout_irregular_city, chequers_temple_overflow_minitemple,
          dancing_weapons_uskayaw, hiddenorc1_lemuel, serial_shops, shop
Lair:1:   layout_regular_city, wad_woods_02, lemuel_fruit_tree,
          serial_bayou_shore_b, grunt_megastairs_3
Lair:2:   layout_regular_city, fungi_pond_lemuel, nzn_random_ring
Lair:3:   layout_loops_ring, spider_nest_entry_funnel_web, beast_lair_carwin_3,
          uniq_urug, uniq_sonja, uniq_fannar
Lair:4:   layout_hall_layers, shoals_dummy_entry, uniq_nergalle
Lair:5:   layout_loops_ring, dpeg_slime_entry_enclosed_altar,
          portal_ice_cave_entry_animals_and_master, grunt_megastairs_2
Orc:1:    layout_caves, uniq_maurice
Orc:2:    st_orc_rangers, layout_caves, serial_shops, nicolae_shop_trees,
          basic_altar

Skill      XL: |  1  2  3  4  5  6  7  8  9 10 11 12 13 |
---------------+----------------------------------------+-----
Invocations    | 1 2 3 4 5 6 7 8 9 |  9.3
Short Blades   | 1 2 3 4 5 6 7 8 |  8.5
Long Blades    | 1 2 3 4 5 6 7 8 |  8.5
Axes           | 1 2 3 4 5 6 7 8 |  8.5
Maces & Flails | 1 2 3 4 6 8 9 10 | 10.6
Staves         | 1 2 3 4 5 6 7 8 |  8.5
Slings         | 1 2 3 4 5 6 7 8 |  8.5
Bows           | 1 2 3 4 5 6 7 8 |  8.5
Crossbows      | 1 2 3 4 5 6 7 8 |  8.5
Throwing       | 1 2 3 4 5 6 7 8 |  8.5
Dodging        | 1 2 3 4 5 6 7 8 |  8.5
Stealth        | 1 2 3 4 5 6 7 8 |  8.5
Unarmed Combat | 1 2 3 4 5 6 7 8 |  8.5
Spellcasting   | 1 2 3 4 5 6 7 8 |  8.5
Evocations     | 1 2 3 4 5 6 7 8 |  8.5
Conjurations   | 1 2 3 4 5 6 7 |  7.1
Hexes          | 1 2 3 4 5 6 7 |  7.1
Charms         | 1 2 3 4 5 6 7 |  7.1
Summonings     | 1 2 3 4 5 6 7 |  7.1
Necromancy     | 1 2 3 4 5 6 7 |  7.1
Translocations | 1 2 3 4 5 6 7 |  7.1
Transmutations | 1 2 3 4 5 6 7 |  7.1
Fire Magic     | 1 2 3 4 5 6 7 |  7.1
Ice Magic      | 1 2 3 4 5 6 7 |  7.1
Air Magic      | 1 2 3 4 5 6 7 |  7.1
Earth Magic    | 1 2 3 4 5 6 7 |  7.1
Poison Magic   | 1 2 3 4 5 6 7 |  7.1
Polearms       | 5 6 7 8 9 |  9.7
Fighting       | 7 8 9 10 | 10.6
Armour         | 7 8 9 10 | 10.6
Shields        | 7 8 9 10 | 10.6

Action                   |  1- 3 |  4- 6 |  7- 9 | 10-12 | 13-15 || total
-------------------------+-------+-------+-------+-------+-------++-------
Melee: Trident           |   120 |   124 |   400 |  1124 |   333 ||  2101
       Bite              |    12 |     6 |    39 |   149 |    53 ||   259
       Dagger            |       |       |       |    29 |    21 ||    50
       Mace              |       |       |       |     6 |       ||     6
Throw: Dart              |     5 |    10 |    27 |       |       ||    42
       Boomerang         |       |       |     1 |   131 |    39 ||   171
 Cast: Passwall          |       |       |       |       |    17 ||    17
       Regeneration      |       |       |       |       |     9 ||     9
       Mephitic Cloud    |       |       |       |       |     2 ||     2
       Olgreb's Toxic Ra |       |       |       |       |     1 ||     1
Invok: Upheaval          |       |       |       |    12 |     3 ||    15
       Elemental Force   |       |       |       |     1 |     1 ||     2
       Disaster Area     |       |       |       |     1 |       ||     1
Evoke: Wand              |       |       |       |    11 |    17 ||    28
  Use: Scroll            |       |     5 |     5 |    15 |     5 ||    30
       Potion            |       |     2 |     1 |     5 |     1 ||     9
 Stab: Confused          |       |       |       |       |     1 ||     1
       Paralysed         |       |       |       |       |     1 ||     1
  Eat: Chunk             |       |     2 |     8 |    38 |     7 ||    55
Armor: Scale mail        |    37 |    32 |    89 |   213 |    50 ||   421
Dodge: Dodged            |    35 |    26 |   113 |   346 |   103 ||   623
       Deflected         |       |       |       |    46 |     1 ||    47
Block: Shield            |    55 |    47 |   228 |  1037 |   290 ||  1657

Table legend:
 A = Non-vault XP
 B = Vault XP
 C = Vault XP percentage of total XP
 D = Non-vault monster count
 E = Vault monster count
 F = Vault count percentage of total count
                 A         B        C        D         E       F
            +---------+---------+-------+---------+---------+-------
      Total |   33421 |   17260 |  34.1 |     381 |     112 |  22.7
            +---------+---------+-------+---------+---------+-------
        D:1 |      60 |       0 |   0.0 |      26 |       0 |   0.0
        D:2 |      81 |       0 |   0.0 |      20 |       0 |   0.0
        D:3 |     184 |       0 |   0.0 |      19 |       0 |   0.0
        D:4 |     579 |     227 |  28.2 |      15 |       1 |   6.2
        D:5 |    1198 |     897 |  42.8 |      24 |       5 |  17.2
        D:6 |    1505 |       0 |   0.0 |      32 |       0 |   0.0
        D:7 |    1970 |    2962 |  60.1 |      31 |       6 |  16.2
        D:8 |    1425 |     227 |  13.7 |      21 |      17 |  44.7
        D:9 |    3738 |     285 |   7.1 |      36 |      13 |  26.5
     Lair:1 |    3703 |    1546 |  29.5 |      17 |       6 |  26.1
     Lair:2 |    4861 |    2498 |  33.9 |      25 |       9 |  26.5
     Lair:3 |    5390 |    3910 |  42.0 |      18 |      12 |  40.0
     Lair:4 |     924 |       0 |   0.0 |       7 |       0 |   0.0
     Lair:5 |     436 |     445 |  50.5 |       1 |       2 |  66.7
      Orc:1 |    5071 |    1129 |  18.2 |      68 |      10 |  12.8
      Orc:2 |    2296 |    3134 |  57.7 |      21 |      31 |  59.6
            +---------+---------+-------+---------+---------+-------
